[Event "Titled Tuesday Blitz August 15 Early 2023"]
[White "Gamayev, Oleg"]
[Black "WindWhistler11"]
[WhiteFideId "2802813"]
[WhiteElo "2620"]
[BlackElo "2438"]
[Result "1-0"]
[Round "3"]
[TimeControl "180+1"]
[Date "2023.08.15"]
[WhiteClock "0:00:32"]
[BlackClock "0:00:02"]
[Board "111"]

1. d3 g6 2. e4 Bg7 3. Nf3 d6 4. c3 a6 5. a4 b6 6. Be2 Bb7 7. O-O Nd7 8. h3 e6 9. Qc2 Ne7 10. Re1 c5 11. Nbd2 O-O 12. Nc4 Qc7 13. Bf1 b5 14. axb5 axb5 15. Rxa8 Rxa8 16. Ncd2 Bc6 17. Be2 Qb7 18. Nf1 b4 19. Bd1 Ra1 20. Bg5 Nb6 21. Bxe7 Qxe7 22. cxb4 Ra2 23. bxc5 Rxb2 24. Qc1 dxc5 25. d4 Rb5 26. dxc5 Rxc5 27. Qb1 Nd7 28. Ng3 Bc3 29. Rf1 h5 30. Ne2 Ba5 31. Ned4 Ba8 32. Ba4 Nb6 33. Bb3 Qb7 34. Bxe6 fxe6 35. Nxe6 Rc4 36. Nfg5 Bd2 37. Qb3 Bxg5 38. Nxg5 Qe7 39. Qxb6 Bxe4 40. Nxe4 Qxe4 41. Rd1 Rb4 42. Qd8+ Kg7 43. Rd7+ Kh6 44. Qf8+ Kg5 45. h4+ Kxh4 46. Kh2 Qf4+ 47. g3+ 1-0


[Site "https://www.chess.com"]

[Event "Titled Tuesday Blitz August 15 Early 2023"]
[White "Ezat, Mohamed"]
[Black "Yeritsyan, Hayk"]
[WhiteFideId "10600906"]
[BlackFideId "13307320"]
[WhiteElo "2619"]
[BlackElo "2436"]
[Result "1-0"]
[Round "3"]
[TimeControl "180+1"]
[Date "2023.08.15"]
[WhiteClock "0:00:07"]
[BlackClock "0:00:09"]
[Board "112"]

1. d4 d5 2. c4 e6 3. Nc3 Nf6 4. cxd5 exd5 5. Bg5 c6 6. Qc2 Be7 7. e3 O-O 8. Bd3 Nbd7 9. Nge2 Re8 10. O-O Nf8 11. f3 Be6 12. Rad1 Rc8 13. Kh1 c5 14. Nf4 cxd4 15. exd4 h6 16. Bh4 Qb6 17. Bf2 Qc7 18. Bg3 Bd6 19. Qd2 a6 20. Rc1 Qb8 21. Bb1 Rc4 22. Nce2 Rec8 23. Bd3 R4c6 24. Rce1 Qc7 25. Bh4 Be7 26. Nxe6 Nxe6 27. Bf5 Qb6 28. Nc3 Qa5 29. Re5 R8c7 30. Rfe1 Bb4 31. Bxf6 gxf6 32. R5e2 Rxc3 33. bxc3 Bxc3 34. Qxh6 Ng7 35. Qh7+ Kf8 36. Qh8# 1-0


[Site "https://www.chess.com"]

[Event "Titled Tuesday Blitz August 15 Early 2023"]
[White "Bazilius, Augustinas"]
[Black "Colas, Joshua"]
[WhiteFideId "12832251"]
[BlackFideId "2044447"]
[WhiteElo "2435"]
[BlackElo "2612"]
[Result "1/2-1/2"]
[Round "3"]
[TimeControl "180+1"]
[Date "2023.08.15"]
[WhiteClock "0:00:03"]
[BlackClock "0:01:28"]
[Board "113"]

1. d4 g6 2. c4 Bg7 3. Nf3 d6 4. g3 Nc6 5. Bg2 e5 6. dxe5 Nxe5 7. Nxe5 dxe5 8. Qxd8+ Kxd8 9. Nc3 c6 10. O-O Be6 11. Rd1+ Kc7 12. b3 Ne7 13. Bb2 f5 14. Rd2 Rad8 15. Rad1 Rxd2 16. Rxd2 Rd8 17. Rxd8 Kxd8 18. Kf1 e4 19. Nd1 Bxb2 20. Nxb2 Kd7 21. f3 exf3 22. exf3 Kd6 23. Nd3 c5 24. f4 b6 25. Ke2 a6 26. Ne5 g5 27. Kd3 gxf4 28. gxf4 Ng6 29. Nxg6 hxg6 30. Bf1 b5 31. h4 b4 32. Ke3 Bd7 33. Bg2 Ke7 34. Bd5 Kf6 35. Kf3 a5 36. Kg3 a4 37. Bf3 Kg7 38. Kh3 Be6 39. Bd1 Kh6 40. Kg3 a3 41. Be2 Bd7 42. Bf3 Be8 43. Kh3 Ba4 44. Bd1 Bc6 45. Kg3 Be4 46. Kh3 Bb1 47. Kg3 Bxa2 48. Bc2 Kg7 49. Kf3 Kh6 50. Kg3 Kh7 51. Kf3 Kg8 52. Ke3 Kf8 53. Kd3 Ke7 54. Ke3 Kd6 55. Kd3 Kc6 56. Ke3 Kb6 57. Kd3 Ka5 58. Kd2 Ka6 59. Kd3 Ka5 60. Kd2 Bxb3 61. Bxb3 a2 62. Bxa2 Ka4 63. Kc2 Ka3 64. Bb3 g5 65. hxg5 1/2-1/2


[Site "https://www.chess.com"]

[Event "Titled Tuesday Blitz August 15 Early 2023"]
[White "Vlassov, Nikolai"]
[Black "Begunov, Konstantin"]
[WhiteFideId "4103360"]
[BlackFideId "4118510"]
[WhiteElo "2612"]
[BlackElo "2435"]
[Result "1-0"]
[Round "3"]
[TimeControl "180+1"]
[Date "2023.08.15"]
[WhiteClock "0:00:47"]
[BlackClock "0:00:02"]
[Board "114"]

1. e4 c5 2. c3 Nf6 3. e5 Nd5 4. d4 cxd4 5. cxd4 Nc6 6. Nc3 Nxc3 7. bxc3 d5 8. Bd3 a6 9. f4 g6 10. Nf3 Bg4 11. O-O e6 12. a4 Na5 13. h3 Bxf3 14. Rxf3 Rc8 15. g4 h5 16. f5 hxg4 17. hxg4 Qh4 18. Bf4 gxf5 19. gxf5 Qg4+ 20. Kf2 Rxc3 21. fxe6 Qh4+ 22. Bg3 Qxd4+ 23. Kg2 Rxd3 24. exf7+ Kd7 25. Rxd3 Qe4+ 26. Qf3 Qxf3+ 27. Kxf3 Ke6 28. Rad1 Nc6 29. Rxd5 Kxf7 30. Rd7+ Be7 31. Rxb7 Rf8 32. Ke4 Rg8 33. Bf4 Rg2 34. Rc7 Nb4 35. Rdd7 Kf8 36. Rxe7 Re2+ 37. Kf5 Nd5 38. Bh6+ Kg8 39. Re8# 1-0


[Site "https://www.chess.com"]

[Event "Titled Tuesday Blitz August 15 Early 2023"]
[White "TomLiu777"]
[Black "Belov, Alexei"]
[BlackFideId "4128206"]
[WhiteElo "2431"]
[BlackElo "2610"]
[Result "1/2-1/2"]
[Round "3"]
[TimeControl "180+1"]
[Date "2023.08.15"]
[WhiteClock "0:00:04"]
[BlackClock "0:00:16"]
[Board "115"]

1. c4 e6 2. Nc3 d5 3. d4 Be7 4. cxd5 exd5 5. Bf4 c6 6. e3 Bf5 7. Nge2 Nd7 8. h4 h5 9. Ng3 Bg6 10. Bd3 Bxd3 11. Qxd3 g6 12. e4 dxe4 13. Ngxe4 Ndf6 14. O-O-O Nd5 15. Bg5 Bxg5+ 16. hxg5 Nge7 17. Nf6+ Kf8 18. g4 h4 19. Qf3 Nxc3 20. Qxc3 Nd5 21. Qf3 Kg7 22. Nxd5 Qxd5 23. Qf6+ Kg8 24. f4 Re8 25. Rhe1 Re6 26. Rxe6 Qxe6 27. Qxe6 fxe6 28. Kd2 Kf7 29. Ke3 h3 30. Rh1 Ke7 31. Kf3 Kd6 32. Kg3 Kd5 33. Rxh3 Rxh3+ 34. Kxh3 Ke4 35. Kg3 Ke3 36. f5 exf5 37. gxf5 gxf5 38. g6 f4+ 39. Kg2 Ke2 40. g7 f3+ 41. Kg3 f2 42. g8=Q f1=Q 43. Qc4+ Ke1 44. Qxf1+ Kxf1 45. Kf3 Ke1 46. Ke3 Kd1 47. Kd3 Kc1 48. Kc3 Kb1 49. a4 Ka2 50. b3 a5 51. b4 Ka3 52. b5 Kxa4 53. bxc6 bxc6 54. Kc4 Ka3 55. Kc5 Kb3 56. Kxc6 a4 57. d5 a3 58. d6 a2 59. d7 a1=Q 60. d8=Q Qa6+ 61. Kd7 Qb5+ 62. Kc7 Qa5+ 63. Kd7 Qc5 64. Qc7 Qxc7+ 65. Kxc7 1/2-1/2


[Site "https://www.chess.com"]

[Event "Titled Tuesday Blitz August 15 Early 2023"]
[White "Budrewicz, Krzysztof"]
[Black "Akylbekov, Nasyr"]
[WhiteFideId "1127950"]
[BlackFideId "13800353"]
[WhiteElo "2607"]
[BlackElo "2429"]
[Result "1-0"]
[Round "3"]
[TimeControl "180+1"]
[Date "2023.08.15"]
[WhiteClock "0:00:11"]
[BlackClock "0:00:02"]
[Board "116"]

1. d4 Nf6 2. c4 e6 3. Nf3 Bb4+ 4. Bd2 Qe7 5. g3 b6 6. Bg2 Bb7 7. O-O O-O 8. Nc3 Ne4 9. Be1 Bxc3 10. bxc3 c5 11. a4 d6 12. a5 Nd7 13. axb6 axb6 14. Rxa8 Bxa8 15. Qc2 f5 16. Nd2 Ndf6 17. f3 Nxd2 18. Bxd2 d5 19. cxd5 exd5 20. e3 Bc6 21. Rb1 b5 22. Bf1 c4 23. Rb2 Bd7 24. Ra2 g5 25. Ra7 Rf7 26. Qb1 g4 27. f4 Ne4 28. Be1 Nxc3 29. Qc1 Ne4 30. Ba5 b4 31. Rb7 b3 32. Rb8+ Rf8 33. Bb4 Nd6 34. Rb6 Rf6 35. Bg2 b2 36. Bxd5+ Kg7 37. Qxb2 Qxe3+ 38. Kg2 Ne4 39. Rxf6 Nxf6 40. Ba8 Kg6 41. Qd2 Qb3 42. Kf2 Be6 43. Bg2 Bd5 44. Bxd5 Nxd5 45. Ba5 Nf6 46. Qb4 Ne4+ 47. Kf1 Qf3+ 48. Ke1 Qf2+ 49. Kd1 c3 50. Qb6+ Kh5 51. Bxc3 Nxc3+ 52. Kc1 Ne4 53. Qe6 Qd2+ 54. Kb1 Nc3+ 55. Ka1 Qa2+ 56. Qxa2 Nxa2 57. Kxa2 Kg6 58. Kb3 Kf6 59. Kc4 Ke6 60. d5+ 1-0


[Site "https://www.chess.com"]

[Event "Titled Tuesday Blitz August 15 Early 2023"]
[White "Gulkov, Igor A."]
[Black "Bilan, Danila"]
[WhiteFideId "4120973"]
[BlackFideId "24161918"]
[WhiteElo "2429"]
[BlackElo "2605"]
[Result "1/2-1/2"]
[Round "3"]
[TimeControl "180+1"]
[Date "2023.08.15"]
[WhiteClock "0:00:08"]
[BlackClock "0:00:04"]
[Board "117"]

1. Nf3 d5 2. d4 Nf6 3. c4 c6 4. e3 e6 5. Bd3 Nbd7 6. O-O Ne4 7. Nbd2 f5 8. Qc2 Bd6 9. b3 O-O 10. a4 a5 11. Ba3 Qe7 12. Bxd6 Qxd6 13. Qb2 b6 14. Rfc1 Bb7 15. Rc2 c5 16. cxd5 exd5 17. Bb5 f4 18. Bxd7 Qxd7 19. Ne5 Qf5 20. Nxe4 dxe4 21. dxc5 bxc5 22. Rxc5 f3 23. Rc7 Bd5 24. Nxf3 Rf7 25. Rxf7 Bxf7 26. Nd4 Qd5 27. b4 axb4 28. Qxb4 h6 29. a5 Ra7 30. a6 Kh7 31. Qb6 Qd7 32. h3 Bc4 33. Qc5 Bd3 34. Qf5+ Qxf5 35. Nxf5 Rxa6 36. Rxa6 Bxa6 37. Kh2 Kg6 38. Nd6 Bd3 39. Nb7 Kf6 40. Nc5 Bc2 41. f3 exf3 42. gxf3 Ke5 43. Kg3 g6 44. e4 Bb1 45. h4 Kd4 46. Ne6+ Ke5 47. Nf4 Kf6 48. Ne2 Bc2 49. Kf4 Bb1 50. Ke3 Ba2 51. f4 g5 52. hxg5+ hxg5 53. f5 Bb1 54. Nd4 Ke5 55. Nf3+ Kf6 56. Kf2 Bxe4 57. Nxg5 Kxg5 58. f6 Kxf6 1/2-1/2


[Site "https://www.chess.com"]

[Event "Titled Tuesday Blitz August 15 Early 2023"]
[White "HamedWafa4"]
[Black "Nathan, Nitish"]
[BlackFideId "30927870"]
[WhiteElo "2605"]
[BlackElo "2427"]
[Result "0-1"]
[Round "3"]
[TimeControl "180+1"]
[Date "2023.08.15"]
[WhiteClock "0:00:00"]
[BlackClock "0:01:02"]
[Board "118"]

1. e4 c5 2. Nf3 Nc6 3. Bb5 e6 4. Bxc6 bxc6 5. O-O Ne7 6. b3 d6 7. Bb2 e5 8. c3 Ng6 9. d4 cxd4 10. cxd4 f6 11. Na3 Be7 12. Rc1 Bd7 13. Nc4 O-O 14. h3 Qe8 15. dxe5 dxe5 16. Nd6 Bxd6 17. Qxd6 Rd8 18. Rfd1 Nf4 19. Rc2 Qg6 20. Nh4 Qh5 21. g3 Nxh3+ 22. Kf1 Ng5 23. Kg1 Nxe4 24. Qd3 Ng5 25. Qc4+ Be6 26. Rxd8 Rxd8 27. Qxc6 Qd1+ 28. Kh2 Bd5 29. Qxd5+ Qxd5 30. Rc7 Qd2 0-1


[Site "https://www.chess.com"]

[Event "Titled Tuesday Blitz August 15 Early 2023"]
[White "Miszler, Levente"]
[Black "Papayan, Oleg"]
[WhiteFideId "763276"]
[BlackFideId "4193911"]
[WhiteElo "2426"]
[BlackElo "2605"]
[Result "0-1"]
[Round "3"]
[TimeControl "180+1"]
[Date "2023.08.15"]
[WhiteClock "0:00:03"]
[BlackClock "0:00:07"]
[Board "119"]

1. Nf3 Nf6 2. c4 e6 3. g3 d5 4. Bg2 dxc4 5. O-O c6 6. a4 Nbd7 7. Na3 Bxa3 8. Rxa3 O-O 9. Qc2 b5 10. axb5 cxb5 11. Nd4 Nd5 12. Nxb5 Qb6 13. Nc3 Bb7 14. b3 Nb4 15. Qb1 Bxg2 16. Kxg2 cxb3 17. Qxb3 a5 18. Na4 Qc6+ 19. Kg1 Rfc8 20. Bb2 Qc2 21. Bc3 Qe4 22. Re1 Nd3 23. Qb1 N3c5 24. Nxc5 Nxc5 25. Rxa5 Rxa5 26. Bxa5 Qd5 27. Rc1 Ra8 28. Qb5 Nb3 29. Qxd5 exd5 30. Rb1 Nxa5 31. Rb5 d4 32. Rd5 Nb3 33. e3 Nxd2 34. exd4 h6 35. Kg2 g5 36. g4 Kg7 37. h3 Kg6 38. Rd6+ f6 39. Rd7 Ra2 40. Re7 Nc4 41. Kg3 Rd2 42. h4 gxh4+ 43. Kxh4 Rxd4 44. Kg3 Rd3+ 45. Kg2 Ne5 46. Re8 Nxg4 47. Rg8+ Kf5 48. Rh8 Rd2 49. Kg3 Rxf2 50. Ra8 h5 51. Ra5+ Kg6 52. Kh4 Rf5 53. Ra8 Rg5 54. Ra2 Nh6 55. Kh3 Nf5 56. Ra8 Rg3+ 57. Kh2 h4 58. Rg8+ Kh5 59. Rh8+ Kg4 60. Ra8 Rf3 61. Ra4+ Rf4 62. Ra3 Rf2+ 63. Kg1 Rf3 64. Ra2 Kg3 65. Rg2+ Kf4 66. Ra2 Ne3 67. Kh1 Rf1+ 68. Kh2 Rf3 69. Kh1 f5 70. Ra4+ Kg5 71. Ra2 Ng4 72. Rg2 Rh3+ 73. Kg1 Rg3 74. Kh1 Rxg2 75. Kxg2 Kf4 76. Kh3 Ke3 77. Kg2 f4 78. Kg1 f3 79. Kf1 f2 80. Kg2 Ke2 0-1


[Site "https://www.chess.com"]

[Event "Titled Tuesday Blitz August 15 Early 2023"]
[White "Golubev, Mikhail"]
[Black "Novikov, Evgenij"]
[WhiteFideId "14100983"]
[BlackFideId "4125380"]
[WhiteElo "2603"]
[BlackElo "2426"]
[Result "1-0"]
[Round "3"]
[TimeControl "180+1"]
[Date "2023.08.15"]
[WhiteClock "0:00:31"]
[BlackClock "0:00:00"]
[Board "120"]

1. e4 c6 2. d4 d5 3. e5 Bf5 4. h4 h6 5. g4 Bd7 6. f4 h5 7. f5 e6 8. g5 exf5 9. g6 fxg6 10. Nh3 Qxh4+ 11. Nf2 Qd8 12. Rg1 Ne7 13. Nd2 Na6 14. Nf3 Nc7 15. Nh4 Ne6 16. Nxg6 Nxg6 17. Rxg6 Qh4 18. c3 O-O-O 19. b4 Nf4 20. Rg1 g5 21. a4 Bh6 22. Rh1 Qg3 23. Ra3 g4 24. c4 Qxa3 25. Bxa3 dxc4 26. Bxc4 g3 27. Nd3 Ng2+ 28. Ke2 f4 29. e6 Bxe6 30. Bxe6+ 1-0


[Site "https://www.chess.com"]

[Event "Titled Tuesday Blitz August 15 Early 2023"]
[White "Sadykov, Ramil"]
[Black "Todorovic, Bojan"]
[WhiteFideId "24113590"]
[BlackFideId "917087"]
[WhiteElo "2603"]
[BlackElo "2420"]
[Result "0-1"]
[Round "3"]
[TimeControl "180+1"]
[Date "2023.08.15"]
[WhiteClock "0:00:08"]
[BlackClock "0:00:04"]
[Board "121"]

1. d4 g6 2. e4 Bg7 3. Nc3 d6 4. Be3 a6 5. g4 Nd7 6. h4 b5 7. a3 Bb7 8. Bg2 h5 9. g5 e6 10. Nge2 Ne7 11. Qd2 Nb6 12. b3 O-O 13. f4 d5 14. e5 Nf5 15. Bf2 Nd7 16. Nd1 Qe7 17. Nb2 c5 18. dxc5 Nxc5 19. Qb4 Rfc8 20. Nd4 a5 21. Nxf5 exf5 22. Qxb5 Ba6 23. Qb6 Ne4 24. Bxe4 dxe4 25. O-O-O Qxa3 26. Kb1 Rcb8 27. Bc5 Rxb6 28. Bxa3 Be2 29. Rd2 Bf3 30. Re1 a4 31. b4 Bf8 32. c3 Rc8 33. Re3 Rbc6 34. Kc2 Be7 35. Rd4 Bd8 36. Nxa4 Ra6 37. Kb3 Rca8 38. b5 Ra5 39. Bc5 Rxb5+ 40. Rb4 Bd1+ 41. Kc4 Rxb4+ 42. cxb4 Bxa4 43. b5 Rb8 44. b6 Bc6 45. Ra3 Bd7 46. Rb3 Be6+ 47. Kc3 Bxb3 48. Kxb3 Bxb6 49. Bd6 Bc7+ 50. Kc4 Bxd6 51. exd6 Kf8 52. Kd4 Ke8 53. Ke5 e3 54. Kf6 Rd8 55. Kg7 Rxd6 56. Kh6 e2 57. Kg7 e1=Q 58. Kg8 f6 59. Kg7 fxg5 60. hxg5 Qe7+ 61. Kh6 Qf8+ 62. Kh7 0-1


[Site "https://www.chess.com"]

[Event "Titled Tuesday Blitz August 15 Early 2023"]
[White "Mendez Fortes, Eduardo Jesus"]
[Black "Rom, Jasper"]
[WhiteFideId "3502376"]
[BlackFideId "2023733"]
[WhiteElo "2601"]
[BlackElo "2416"]
[Result "1-0"]
[Round "3"]
[TimeControl "180+1"]
[Date "2023.08.15"]
[WhiteClock "0:01:18"]
[BlackClock "0:00:00"]
[Board "122"]

1. e4 e6 2. d4 d5 3. Nd2 c5 4. exd5 Qxd5 5. Ngf3 cxd4 6. Bc4 Qd7 7. O-O Nc6 8. Nb3 Nf6 9. Nbxd4 Nxd4 10. Nxd4 a6 11. Re1 Qc7 12. Qe2 Bd6 13. Bg5 Bxh2+ 14. Kh1 Bf4 15. Bxf6 gxf6 16. Bxe6 Kf8 17. Bxc8 Rxc8 18. Nf5 Be5 19. Qg4 Rg8 20. Qh4 Rg5 21. Qxh7 Qc4 22. Qh6+ 1-0


[Site "https://www.chess.com"]

[Event "Titled Tuesday Blitz August 15 Early 2023"]
[White "Llanos, Guillermo"]
[Black "NovoselovRoman"]
[WhiteFideId "100358"]
[WhiteElo "2414"]
[BlackElo "2600"]
[Result "1/2-1/2"]
[Round "3"]
[TimeControl "180+1"]
[Date "2023.08.15"]
[WhiteClock "0:00:59"]
[BlackClock "0:00:40"]
[Board "123"]

1. b3 Nf6 2. Bb2 d5 3. Nf3 Bf5 4. e3 e6 5. c4 Be7 6. Nc3 O-O 7. d4 Nbd7 8. Bd3 Bxd3 9. Qxd3 c5 10. cxd5 exd5 11. O-O Rc8 12. dxc5 Nxc5 13. Qe2 Nfe4 14. Rac1 Bf6 15. Nb5 Bxb2 16. Qxb2 Qb6 17. Qe2 Ne6 18. Nbd4 h6 19. Qb2 Rc5 20. Rxc5 N6xc5 21. Nf5 Ne6 22. Ne7+ Kh8 23. Nxd5 Qc5 24. Qe5 N4g5 25. Nxg5 hxg5 26. Qf5 Rd8 27. e4 Kg8 28. Qg4 Qc2 29. h4 gxh4 30. Qxh4 Qxa2 31. Ne7+ Kf8 32. Nf5 Kg8 33. Ne7+ Kf8 34. Nf5 Kg8 35. Ne7+ 1/2-1/2


[Site "https://www.chess.com"]

[Event "Titled Tuesday Blitz August 15 Early 2023"]
[White "Kalashian, David"]
[Black "jimmy-schlumpf"]
[WhiteFideId "13302418"]
[WhiteElo "2599"]
[BlackElo "2414"]
[Result "1-0"]
[Round "3"]
[TimeControl "180+1"]
[Date "2023.08.15"]
[WhiteClock "0:02:38"]
[BlackClock "0:02:24"]
[Board "124"]

1. e4 Nf6 2. e5 Nd5 3. g3 d6 4. exd6 cxd6 5. Bg2 Nf6 6. Ne2 g6 7. O-O Bg7 8. d4 O-O 9. c4 d5 10. cxd5 Nxd5 11. Nbc3 Nb6 12. a4 Be6 13. Nf4 Bc8 14. d5 N8d7 15. Qe2 a6 16. a5 1-0


[Site "https://www.chess.com"]

[Event "Titled Tuesday Blitz August 15 Early 2023"]
[White "Li, Eric"]
[Black "Jia, Haoxiang"]
[WhiteFideId "30939941"]
[BlackFideId "8602999"]
[WhiteElo "2410"]
[BlackElo "2594"]
[Result "1-0"]
[Round "3"]
[TimeControl "180+1"]
[Date "2023.08.15"]
[WhiteClock "0:01:09"]
[BlackClock "0:00:03"]
[Board "125"]

1. e4 c5 2. Nf3 d6 3. d4 cxd4 4. Nxd4 Nf6 5. Nc3 g6 6. Be3 Bg7 7. f3 O-O 8. Qd2 Nc6 9. O-O-O d5 10. Qe1 e5 11. Nxc6 bxc6 12. exd5 Nxd5 13. Bc4 Be6 14. Bb3 Re8 15. h4 f5 16. h5 Bf7 17. hxg6 hxg6 18. g4 e4 19. gxf5 exf3 20. fxg6 Be6 21. Qg3 Qf6 22. Bxd5 Bxd5 23. Bd4 Qe7 24. Rh7 f2 25. Rxg7+ Qxg7 26. Bxg7 Kxg7 27. Qxf2 1-0


[Site "https://www.chess.com"]

[Event "Titled Tuesday Blitz August 15 Early 2023"]
[White "Ibadov, Dashgyn"]
[Black "Rozhkov, Viacheslav"]
[WhiteFideId "24107514"]
[BlackFideId "4181484"]
[WhiteElo "2591"]
[BlackElo "2408"]
[Result "1-0"]
[Round "3"]
[TimeControl "180+1"]
[Date "2023.08.15"]
[WhiteClock "0:00:53"]
[BlackClock "0:00:00"]
[Board "126"]

1. e4 c5 2. Nf3 Nc6 3. Bb5 e6 4. O-O Nge7 5. d4 cxd4 6. Nxd4 Nxd4 7. Qxd4 Nc6 8. Qc3 a6 9. Be2 Qf6 10. Qxf6 gxf6 11. Be3 b5 12. a4 bxa4 13. Rxa4 Bb7 14. Nd2 Rg8 15. Rfa1 a5 16. f3 Bd6 17. Nc4 Bc7 18. c3 Ba6 19. Kf2 d5 20. exd5 exd5 21. Nxa5 Nxa5 22. Bxa6 Rxa6 23. b4 Kd7 24. bxa5 Rga8 25. Bd4 Bxa5 26. Ke2 Kc7 27. Kd3 Kb7 28. Bxf6 Rxf6 29. Rxa5 Rxa5 30. Rxa5 Rg6 31. g4 Rh6 32. Rxd5 Rxh2 33. Rf5 h5 34. Rxf7+ Kc6 35. Rf6+ Kd7 36. Rh6 Rf2 37. Ke3 Rc2 38. Rxh5 Rxc3+ 39. Kf4 Rc4+ 40. Kg3 Ke7 41. Rf5 Ke6 42. Rf4 Rc5 43. Kh4 Rc1 44. Kg5 Ke5 45. Rf5+ Ke6 46. f4 Rh1 47. Rf6+ Ke7 48. f5 Rh2 49. Re6+ Kf7 50. Rb6 1-0


[Site "https://www.chess.com"]

[Event "Titled Tuesday Blitz August 15 Early 2023"]
[White "dr_tatiana"]
[Black "Deng, Henry"]
[BlackFideId "30965454"]
[WhiteElo "2408"]
[BlackElo "2587"]
[Result "1-0"]
[Round "3"]
[TimeControl "180+1"]
[Date "2023.08.15"]
[WhiteClock "0:00:11"]
[BlackClock "0:00:14"]
[Board "127"]

1. e4 c5 2. Nc3 e6 3. g3 d5 4. exd5 exd5 5. d4 Nf6 6. Bg2 Nc6 7. Nge2 cxd4 8. Nxd4 Bg4 9. f3 Bd7 10. Be3 Be7 11. Qd2 O-O 12. O-O Ne5 13. b3 Rc8 14. Nce2 Re8 15. Rad1 a6 16. Nf4 Qc7 17. Rfe1 Bf8 18. Bf2 h6 19. Nd3 Nc6 20. Ne2 Bf5 21. Ndf4 Rcd8 22. c3 Ne5 23. Nd4 Bh7 24. g4 Rc8 25. Nde2 Rcd8 26. Bg3 Qb6+ 27. Kh1 Nc6 28. Nd4 Nxd4 29. Qxd4 Qxd4 30. cxd4 Rxe1+ 31. Rxe1 Rc8 32. h4 Bb4 33. Re2 Bc3 34. Bf2 Bb1 35. g5 hxg5 36. hxg5 Nh7 37. Nxd5 Kh8 38. Nxc3 Rxc3 39. Re8+ Nf8 40. Rxf8+ Kh7 41. Rxf7 Bxa2 42. Bg3 Bxb3 43. Rxb7 Bd5 44. Rd7 Rc1+ 45. Kh2 Bc6 46. Rc7 Rc2 47. Be5 Kg6 48. Rxg7+ Kf5 49. Kg3 Ke6 50. Bh3+ Kd5 51. Rf7 Rc1 52. g6 Rg1+ 53. Bg2 Kc4 54. Kf2 Rb1 55. g7 Bd5 56. g8=Q Rb2+ 57. Kg3 Kd3 58. Qg6+ Kc4 59. Rc7+ Kb4 60. Qb6+ Ka4 61. Qxa6+ Kb4 62. Qb6+ Ka3 63. Ra7# 1-0


[Site "https://www.chess.com"]

[Event "Titled Tuesday Blitz August 15 Early 2023"]
[White "Mushini Ajay"]
[Black "Lana Rodriguez, David"]
[WhiteFideId "35066188"]
[BlackFideId "2270803"]
[WhiteElo "2407"]
[BlackElo "2586"]
[Result "0-1"]
[Round "3"]
[TimeControl "180+1"]
[Date "2023.08.15"]
[WhiteClock "0:00:14"]
[BlackClock "0:01:11"]
[Board "128"]

1. e4 b6 2. d4 Bb7 3. Bd3 e6 4. Nf3 Nf6 5. O-O Nxe4 6. Re1 Nf6 7. c4 Be7 8. Nc3 O-O 9. Bg5 d5 10. cxd5 Nxd5 11. h4 h6 12. Bxe7 Qxe7 13. h5 Nd7 14. Ne5 Nxe5 15. Rxe5 Nxc3 16. bxc3 Rad8 17. Bc2 Rd5 18. Qd3 f5 19. Rae1 Rxe5 20. Rxe5 Qg5 21. f3 Rf6 22. Bb3 Bd5 23. Bxd5 exd5 24. Rxd5 Qxh5 25. g4 Qg5 26. Qc4 Kh7 27. Qd3 Qf4 28. Kg2 h5 29. Rxf5 Rxf5 30. gxf5 h4 31. f6+ Kh6 32. fxg7 Qg3+ 33. Kh1 h3 34. Qd2+ Kxg7 35. Qe2 Kf6 36. d5 Kg5 37. c4 Kf4 38. Qe4+ Kg5 39. Qe3+ Kh5 40. Qe2 Qf4 41. Qe7 Qxf3+ 42. Kh2 Qg2# 0-1


[Site "https://www.chess.com"]

[Event "Titled Tuesday Blitz August 15 Early 2023"]
[White "Kazakov, Mikhail"]
[Black "Chor, Kevin"]
[WhiteFideId "14102749"]
[BlackFideId "2090740"]
[WhiteElo "2403"]
[BlackElo "2586"]
[Result "0-1"]
[Round "3"]
[TimeControl "180+1"]
[Date "2023.08.15"]
[WhiteClock "0:00:00"]
[BlackClock "0:00:14"]
[Board "129"]

1. d4 Nf6 2. c4 g6 3. d5 Bg7 4. Nc3 d6 5. e4 O-O 6. Bd3 e5 7. Nge2 Na6 8. O-O Nc5 9. Bc2 a5 10. a3 Nh5 11. Rb1 f5 12. exf5 gxf5 13. b4 Na6 14. f4 exf4 15. Nd4 Qh4 16. Nf3 Qg4 17. Nb5 Bd7 18. Nbd4 Rae8 19. Ne6 Bxe6 20. dxe6 Nf6 21. c5 Ne4 22. Bb2 axb4 23. axb4 dxc5 24. Bb3 Kh8 25. b5 Nb4 26. Bxg7+ Qxg7 27. Rc1 Rd8 28. Qe2 Rd3 29. Bc4 Re3 30. Qd1 Nd6 31. Bd5 Rd3 32. Qe2 Rxd5 33. Rfe1 Ne4 34. Rcd1 Nc3 0-1


[Site "https://www.chess.com"]

[Event "Titled Tuesday Blitz August 15 Early 2023"]
[White "Avazkhonov, Alikhon"]
[Black "Milosevic, Milos"]
[WhiteFideId "14208504"]
[BlackFideId "964875"]
[WhiteElo "2392"]
[BlackElo "2582"]
[Result "0-1"]
[Round "3"]
[TimeControl "180+1"]
[Date "2023.08.15"]
[WhiteClock "0:01:19"]
[BlackClock "0:02:25"]
[Board "130"]

1. d4 Nf6 2. c4 g6 3. Nc3 Bg7 4. e4 d6 5. Be2 O-O 6. Be3 c5 7. d5 e6 8. dxe6 Bxe6 9. Nf3 Ng4 10. Bf4 Nc6 11. O-O Nge5 12. Nd5 Nxf3+ 13. Bxf3 Nd4 14. Rb1 f5 15. Bg3 Bxd5 16. exd5 f4 0-1


[Site "https://www.chess.com"]

[Event "Titled Tuesday Blitz August 15 Early 2023"]
[White "Altman, Joshua"]
[Black "Kozelov, Roman"]
[WhiteFideId "426210"]
[BlackFideId "14133377"]
[WhiteElo "2582"]
[BlackElo "2383"]
[Result "1-0"]
[Round "3"]
[TimeControl "180+1"]
[Date "2023.08.15"]
[WhiteClock "0:00:04"]
[BlackClock "0:00:02"]
[Board "131"]

1. Nf3 Nf6 2. b3 b5 3. g3 Bb7 4. Bg2 c5 5. O-O e6 6. Bb2 Be7 7. a4 b4 8. d4 cxd4 9. Bxd4 O-O 10. Nbd2 d5 11. Ne5 Nc6 12. Nxc6 Bxc6 13. Nc4 Nd7 14. Ne5 Nxe5 15. Bxe5 a5 16. e4 dxe4 17. Qg4 Bf6 18. Rad1 Bd5 19. Bxf6 Qxf6 20. Bxe4 Bxe4 21. Qxe4 Rac8 22. Rd7 Rc5 23. Rfd1 g6 24. R1d2 Rfc8 25. Kg2 Kg7 26. h4 h5 27. Ra7 R8c7 28. Ra8 Re5 29. Qd4 Rf5 30. Qb6 Qe5 31. Rdd8 Qe4+ 32. Kh2 Qc6 33. Rg8+ Kf6 34. Qd4+ e5 35. Qd8+ Re7 36. Qd2 Rc7 37. Rad8 Ke7 38. Rge8+ Qxe8 39. Qd6# 1-0


[Site "https://www.chess.com"]

[Event "Titled Tuesday Blitz August 15 Early 2023"]
[White "Musovic, Armin"]
[Black "Nosacheva, Mariya"]
[WhiteFideId "939935"]
[BlackFideId "34111422"]
[WhiteElo "2581"]
[BlackElo "2382"]
[Result "1-0"]
[Round "3"]
[TimeControl "180+1"]
[Date "2023.08.15"]
[WhiteClock "0:00:19"]
[BlackClock "0:00:09"]
[Board "132"]

1. a3 e5 2. d4 exd4 3. Qxd4 Nc6 4. Qa4 Nf6 5. Nf3 d5 6. Nc3 Bc5 7. Bg5 O-O 8. O-O-O Be6 9. e4 d4 10. e5 Qc8 11. exf6 dxc3 12. Qh4 Bf5 13. b4 Qe6 14. Bc4 Qe8 15. fxg7 Nxb4 16. axb4 Qa4 17. gxf8=Q+ Bxf8 18. Bxf7+ Kg7 19. Qd4+ Kxf7 20. Ne5+ Ke8 21. Qd8+ Rxd8 22. Rxd8# 1-0


[Site "https://www.chess.com"]

[Event "Titled Tuesday Blitz August 15 Early 2023"]
[White "Smiechu"]
[Black "Onufrienko, Vladislav"]
[BlackFideId "13804332"]
[WhiteElo "2376"]
[BlackElo "2579"]
[Result "1-0"]
[Round "3"]
[TimeControl "180+1"]
[Date "2023.08.15"]
[WhiteClock "0:00:38"]
[BlackClock "0:00:04"]
[Board "133"]

1. e4 Nf6 2. e5 Nd5 3. c4 Nb6 4. a4 d6 5. a5 N6d7 6. e6 fxe6 7. d4 e5 8. Bd3 g6 9. h4 Bg7 10. h5 exd4 11. hxg6 h6 12. Bxh6 Nf6 13. Bxg7 Rxh1 14. Kf1 Bg4 15. Qe1 Kd7 16. f3 Be6 17. Nd2 Nc6 18. Qe2 Qg8 19. Bxf6 exf6 20. Ne4 Rf8 21. Re1 Ne5 22. b3 Qg7 23. Ng3 Rhh8 24. f4 Nxd3 25. Qxe6+ Kd8 26. Nf5 Qd7 27. g7 Nxe1 28. gxh8=Q Qxe6 29. Qxf8+ Kd7 30. Qg7+ Kc6 31. Nxd4+ 1-0


[Site "https://www.chess.com"]